 Dungeon Crawl Stone Soup version 0.21-a0-163-g3aa3f5d (webtiles) character file.

107 Lunath the Cudgeler (level 4, -9/28 HPs)
             Began as a Gargoyle Gladiator on Aug 5, 2017.
             Killed by divine providence
             ... invoked by an orc priest
              (14 damage)
             ... on level 2 of the Dungeon.
             The game lasted 00:08:08 (2215 turns).

Lunath the Cudgeler (Gargoyle Gladiator)            Turns: 2215, Time: 00:08:09

Health: -9/28      AC: 13    Str: 22    XL:     4   Next: 85%
Magic:  0/4        EV:  8    Int:  9    God:
Gold:   139        SH:  0    Dex: 12    Spells: 3/3 levels left

rFire    . . .     SeeInvis .   u - +0 morningstar
rCold    . . .     Gourm    .   (no shield)
rNeg     + . .     Faith    .   b - +0 chain mail
rPois    ∞         Spirit   +   c - +0 helmet
rElec    +         Reflect  .   (no cloak)
rCorr    .         Harm     .   e - +0 pair of gloves
MR       .....                  (no boots)
Stlth    ..........             m - amulet of guardian spirit
HPRegen  0.09/turn              (no ring)
MPRegen  0.09/turn              (no ring)

@: mighty
A: negative energy resistance 1, electricity resistance, unbreathing,
petrification resistance, rot immunity, AC +3
a: no special abilities


You were on level 2 of the Dungeon.
You were hungry.

You visited 1 branch of the dungeon, and saw 3 of its levels.

You collected 139 gold pieces.

Inventory:

Hand Weapons
 u - a +0 morningstar (weapon)
Missiles
 d - 3 throwing nets (quivered)
Armour
 b - a +0 chain mail (worn)
 c - a +0 helmet (worn)
 e - a +0 pair of gloves (worn)
Jewellery
 m - an amulet of guardian spirit (around neck)
Wands
 l - a wand of flame (15/48)
 o - a wand of digging (11/24)
Scrolls
 i - 2 scrolls of remove curse {unknown}
 k - a scroll of magic mapping {unknown}
 q - a scroll of recharging {unknown}
 r - a scroll of noise {unknown}
 s - a scroll of teleportation {unknown}
 t - a scroll of amnesia {unknown}
Potions
 g - a potion of brilliance
 j - a potion of flight
Comestibles
 f - 2 bread rations
 n - a royal jelly


   Skills:
 + Level 3.6 Fighting
 * Level 4.6 Maces & Flails
 - Level 1.8 Throwing
 - Level 2.4 Dodging


You had 3 spell levels left.
You didn't know any spells.

Dungeon Overview and Level Annotations

Branches:
Dungeon (3/15)

Altars:


Innate Abilities, Weirdness & Mutations

You are resistant to torment.
Your stone body is resilient. (AC +3)
You are immune to poison.
You resist negative energy. (rN+)
You are resistant to electric shocks. (rElec)
You can survive without breathing.
You are immune to petrification.
You are immune to rotting.


Message History

The jackal barely misses you.
The orc priest calls down the wrath of Beogh upon you.
Pain shoots through your body!
* * * LOW HITPOINT WARNING * * *
The orc priest looks satisfied for a moment.
Okay, then.
It was a potion of might.
You feel very mighty all of a sudden.
The jackal bites you but does no damage.
The orc priest invokes the aid of Beogh against you.
You barely resist.
The orc priest hits you but does no damage.
You hit the orc priest.
The orc priest is severely wounded.
The jackal bites you but does no damage.
The jackal closely misses you.
The orc priest invokes the aid of Beogh against you.
Beogh smites you!
Ouch! That really hurt!
You die...

........#..##.#
#...........##
........#.###)#
####...##.#.##
........#.# #.##
##..##.#..#
..........###..#
#..##..#.#
#######........#
#...##.#.#
........#####..##
#.#.##...## .########
#...## #.#...#...# .#
#...h######.###.#.#.# .#
##..@o..##..# #......
.##### ###o##.##..#
##..... .....######
#.##.....## ##....
####......# #.###.....##
##.## ######.######.#
#......####.#
#......#.###....#...##.#
######.....#....###..#.#
#######....# ##...#
###### #####


You could see 2 orc priests and a jackal.

Vanquished Creatures
  Ijyb (D:3)
  Robin (D:3)
  An adder (D:2)
  A dart slug (D:1)
  A leopard gecko (D:1)
  3 orcs (D:2)
  A ball python (D:2)
  A giant cockroach (D:2)
  15 goblins
  4 hobgoblins
  2 jackals (D:2)
  6 kobolds
  7 bats
  7 frilled lizards
  6 rats
57 creatures vanquished.

Notes
Turn   | Place    | Note
-------+----------+-------------------------------------------
     0 | D:1      | Lunath the Gargoyle Gladiator began the quest for the Orb.
     0 | D:1      | Reached XP level 1. HP: 12/12 MP: 1/1
   129 | D:1      | Reached XP level 2. HP: 4/18 MP: 2/2
   918 | D:2      | Reached XP level 3. HP: 21/22 MP: 3/3
  1106 | D:2      | Reached skill level 4 in Maces & Flails
  1385 | D:3      | Noticed Robin
  1468 | D:3      | Reached XP level 4. HP: 27/28 MP: 4/4
  1484 | D:3      | Killed Robin
  1504 | D:3      | Noticed Ijyb
  1524 | D:3      | Killed Ijyb
  2215 | D:2      | Killed from afar by an orc priest

Vault maps used:
D:1:      co_arrival_square_in_a_square_in_a_square
D:2:      first_bread, grunt_ministairs_1
D:3:      uniq_robin, uniq_ijyb

Skill      XL: |  1  2  3 |
---------------+----------+-----
Maces & Flails | 4 |  4.6
Fighting       | 3 |  3.6
Throwing       | |  1.8
Dodging        | |  2.4

Action                   |  1- 3 |  4- 6 || total
-------------------------+-------+-------++-------
Melee: Flail             |   161 |    65 ||   226
       Morningstar       |       |     9 ||     9
  Use: Potion            |     4 |     1 ||     5
  Eat: Chunk             |     2 |     2 ||     4
Armor: Leather armour    |    20 |       ||    20
       Ring mail         |     9 |       ||     9
       Skin              |     2 |       ||     2
       Chain mail        |    87 |    82 ||   169
       Scale mail        |     2 |       ||     2
Dodge: Dodged            |    96 |    60 ||   156
